cohdb
Replays
Latest Replays
All Replays
Popular Replays
Top Player Replays
Match Explorer
How It Works
Community
CoH3 Stats
Reddit
Sign in to upload your games and track your stats! →
Sign in with Steam
Match 47136672
Unlisted
Match 47136672
Overview
Messages
Build Orders
End
Construct Infanterie Kompanie
Pioneer Squad
Selects Italian Coastal Battlegroup
Selects Coastal Reserves
MG 42 Machine Gun Team
Coastal Reserve
Coastal Reserve
Construct Luftwaffe Kompanie
Medical Station
Selects Designate Defensive Line
Jäger Squad
Jäger Squad
221 Scout Car
Luftwaffe Officer Quarters
Selects Rapid Fortifications
Selects Rapid Fortifications
Rapid Fortifications
Jäger Squad
Jäger Squad
Selects Artillery Officer
Selects Obice da 210/22 Artillery Emplacement
Rapid Fortifications
MG 42 Bunker
MG 42 Bunker
Rapid Fortifications
MG 42 Bunker
Sublime
BT-7274
3q2pz8qiav
hogarthw
BinhoBiceps
Kam aka Chacineiro
Vikitor
Tracker
0
0
Comments
sign in to comment!
No comments posted yet!